Map: Apotheosis LE

Players

tomratboy - Winner!

  • Race: Zerg Zerg
  • League: Diamond

Achexi

  • Race: Zerg Zerg

VOD

Have the link to the VOD?

Description

Time

  • Played on: Oct. 30, 2016, 4:05 p.m.
  • Length: 2:55
Show
View Real Time Build Order
Export as new Build Order

tomratboy Zerg - Winner!

Build Orders: Hatch First 

Get SALT Encoding   

  12  0:00  Drone  
  13  0:13  Overlord  
  13  0:21  Drone  
  14  0:31  Drone x2  
  14  0:35  Drone  
  17  0:55  Unknown, Hatchery  
  16  0:58  Drone  
  16  1:01  Drone  
  18  1:04  Extractor  
  17  1:17  Spawning Pool  
  16  1:30  Drone x2  
  16  1:31  Drone  
  19  1:45  Overlord  
  19  2:07  Unknown, Zergling x4  
  17  2:30  Zergling x4  
  17  2:31  Zergling x6  
Show
View Real Time Build Order
Export as new Build Order

Achexi Zerg 

Build Orders: Pool Only 

Get SALT Encoding   

  12  0:02  Drone  
  13  0:13  Overlord  
  13  0:31  Spawning Pool  
  13  0:34  Drone  
  13  0:40  Drone  
  14  0:44  Drone  
  15  0:51  Drone  
  16  1:18  Zergling x6  
  19  1:29  Zergling x2  
  20  1:41  Spine Crawler  
  20  1:43  Zergling x2  
  20  1:51  Zergling x2  
  21  2:07  Zergling x2  
  22  2:14  Spine Crawler  
  21  2:16  Zergling x2  
  21  2:31  Overlord  
Tags
 
Add a new tag
Caveats
  • Supply blocks, unpowered buildings, or Contaminate may cause inaccurate times.
  • Supply counts are checked every 10 seconds.